FIQ, chaotic female sylph Wizard ---------- |........| |........| |....^... |......dd| .......Z@| ---+-+---- FIQ the Evoker Experience level: 1 Strength: 13 Dexterity: 10 Constitution: 12 Intelligence: 19 Wisdom: 9 Charisma: 12 Health: 10(12) Energy: 7(7) Def: 1 Gold: 0 Moves: 269 Dungeon seed: yOssrwgfI1VFAd5E Game ID: FIQ_1439833782 Your Inventory: Weapons a - a blessed +1 quarterstaff (weapon in hands) Armor e - an uncursed +0 cloak of magic resistance (being worn) Scrolls h - an uncursed scroll of confuse monster i - an uncursed scroll of enchant armor j - an uncursed scroll of enchant weapon Spellbooks k - a blessed spellbook of force bolt l - a blessed spellbook of magic missile m - an uncursed spellbook of detect unseen Potions f - an uncursed potion of gain ability g - 2 uncursed potions of gain energy o - a blessed potion of gain energy p - an uncursed potion of healing s - a cursed potion of levitation Rings c - an uncursed ring of polymorph d - an uncursed ring of slow digestion Wands b - an uncursed wand of opening (0:5) q - an uncursed wand of wishing (2:1) Tools n - an uncursed magic marker (0:82) Spells and supernatural/magical abilities: Name Level Category Fail Memory a - force bolt 1 attack 0% 99% m - magic missile 2 attack 0% 99% U - detect unseen 3 divination 85% 99% W - pray for help -- divine ? -- Your skills at the end: Fighting Skills Weapon Skills quarterstaff [Basic] Spellcasting Skills attack spells [Basic] enchantment spells [Basic] Final Attributes: You were piously aligned. You were magic-protected. You saw invisible. You were protected from shape changers. You survived after being killed 20 times. Vanquished creatures: a jackal a lichen a newt 3 creatures vanquished. Voluntary challenges: You went without food. You were an atheist. You never hit with a wielded weapon. You were a pacifist. You were illiterate. You never genocided any monsters. You never polymorphed an object. You never changed form. You used 2 wishes, starting on turn 1. You did not wish for any artifacts. You never split a pudding. You never wrote Elbereth's name. You never violated your personal moral code. Dungeon overview: The Dungeons of Doom: Level 1 <- You were here a long staircase History has recorded: On T:1 you entered the Dungeons of Doom to retrieve the Amulet of Yendor! On T:1 you wished for "cursed potion of levitation". On T:3 you wished for "3 cursed levitation potions". On T:188 you were saved from death by your wizard powers! On T:193 you were saved from death by your wizard powers! On T:197 you were saved from death by your wizard powers! On T:201 you were saved from death by your wizard powers! On T:204 you were saved from death by your wizard powers! On T:210 you were saved from death by your wizard powers! On T:216 you were saved from death by your wizard powers! On T:221 you were saved from death by your wizard powers! On T:225 you were saved from death by your wizard powers! On T:228 you were saved from death by your wizard powers! On T:235 you were saved from death by your wizard powers! On T:240 you were saved from death by your wizard powers! On T:244 you were saved from death by your wizard powers! On T:247 you were saved from death by your wizard powers! On T:250 you were saved from death by your wizard powers! On T:254 you were saved from death by your wizard powers! On T:258 you were saved from death by your wizard powers! On T:262 you were saved from death by your wizard powers! On T:265 you were saved from death by your wizard powers! On T:268 you were saved from death by your wizard powers! Score breakdown: Gold: 0 ( 0 points) Experience: 1 level ( 0 points) Exploration: 1 level ( 0 points) Discoveries: 1 item ( 50 points) Variety of kills: 3 monsters ( 150 points) Major goal: (nothing yet) ( 0 points) Survival: escaped (score multiplied by 5) Total score: 1000 Latest messages: You start to float in the air! Final status: Goodbye FIQ the Wizard, escaped... You escaped from the dungeon with 1000 points, and 0 pieces of gold, after 269 moves. You were level 1 with a maximum of 12 hit points when you escaped.